| TOP OF THE 1ST |
|
Boston Red Sox batting - Pitching for Philadelphia Phillies : LHP Phuck II
|
|
Pitching: LHP Phuck II
|
|
|
Batting: RHB Alois Wollf
|
0-0: Ball 1-0: Called Strike 1-1: Ball 2-1: Called Strike 2-2: Foul Ball, location: 2F 2-2: Ball 3-2: Ground out 6-3 (Groundball, 6, EV 81.9 MPH)
|
|
Batting: RHB Ray Llewellyn
|
0-0: Foul Ball, location: 2F 0-1: Ball 1-1: Ball 2-1: Ground out U3 (Groundball, 3S, EV 84.4 MPH)
|
|
Batting: RHB David Price Jr.
|
0-0: Foul Ball, location: 2F 0-1: Ball 1-1: DOUBLE (Flyball, 8RXD, EV 106.2 MPH)
|
|
Batting: RHB Jose Diaz
|
0-0: Ball 1-0: Called Strike 1-1: Ground out 6-3 (Groundball, 56, EV 84.4 MPH)
|
| Top of the 1st over - 0 runs, 1 hit, 0 errors, 1 left on base; Boston 0 - Philadelphia 0 |
| BOTTOM OF THE 1ST |
|
Philadelphia Phillies batting - Pitching for Boston Red Sox : LHP Momosuke Sato
|
|
Pitching: LHP Momosuke Sato
|
|
|
Batting: SHB Lance Franklin
|
0-0: Ball 1-0: Called Strike 1-1: Ground out 6-3 (Groundball, 6, EV 98.1 MPH)
|
|
Batting: LHB Nick Canizales
|
0-0: Ball 1-0: Ball 2-0: Ground out 5-3 (Groundball, 15, EV 92.5 MPH)
|
|
Batting: RHB Chef Belew
|
0-0: Called Strike 0-1: Ball 1-1: Swinging Strike 1-2: Foul Ball, location: 2F 1-2: SOLO HOME RUN (Flyball, 78XD, EV 113.1 MPH), Distance : 453 ft
|
|
Batting: RHB Mike Hanks
|
0-0: SINGLE (Groundball, 6MD, EV 106.2 MPH)
|
|
Batting: LHB Osamu Kubo
|
0-0: Called Strike 0-1: Called Strike 0-2: Ball 1-2: Ball 2-2: Strikes out swinging
|
| Bottom of the 1st over - 1 run, 2 hits, 0 errors, 1 left on base; Boston 0 - Philadelphia 1 |
| TOP OF THE 2ND |
|
Boston Red Sox batting - Pitching for Philadelphia Phillies : LHP Phuck II
|
|
Batting: LHB Kevin McCormic Jr.
|
0-0: Ball 1-0: Foul Ball, location: 2F 1-1: Ground out 6-3 (Groundball, 56D, EV 95.6 MPH)
|
|
Batting: SHB Marvin Lawrence
|
0-0: Foul Ball, location: 2F 0-1: Called Strike 0-2: Ball 1-2: Strikes out swinging
|
|
Batting: RHB Elijah Campbell
|
0-0: Ball 1-0: Called Strike 1-1: Called Strike 1-2: Ball 2-2: Strikes out swinging
|
| Top of the 2nd over - 0 runs, 0 hits, 0 errors, 0 left on base; Boston 0 - Philadelphia 1 |
| BOTTOM OF THE 2ND |
|
Philadelphia Phillies batting - Pitching for Boston Red Sox : LHP Momosuke Sato
|
|
Batting: RHB Josh Hensley
|
0-0: Called Strike 0-1: Ball 1-1: Called Strike 1-2: Strikes out swinging
|
|
Batting: LHB Ryan Trombley
|
0-0: Ball 1-0: Foul Ball, location: 2F 1-1: Ball 2-1: Ball 3-1: Called Strike 3-2: Fly out, F8 (Flyball, 8LD, EV 98.8 MPH)
|
|
Batting: RHB Quintin Parker
|
0-0: Called Strike 0-1: Called Strike 0-2: SOLO HOME RUN (Flyball, 7D, EV 107.5 MPH), Distance : 409 ft
|
|
Batting: LHB Cody Schumacher
|
0-0: Called Strike 0-1: Swinging Strike 0-2: Ball 1-2: Ball 2-2: Foul Ball, location: 2F 2-2: Strikes out swinging
|
| Bottom of the 2nd over - 1 run, 1 hit, 0 errors, 0 left on base; Boston 0 - Philadelphia 2 |
| TOP OF THE 3RD |
|
Boston Red Sox batting - Pitching for Philadelphia Phillies : LHP Phuck II
|
|
Batting: RHB Nick Esteves
|
0-0: Called Strike 0-1: Called Strike 0-2: Strikes out swinging
|
|
Batting: RHB John Chiesa
|
0-0: Ball 1-0: Ball 2-0: Ball 3-0: Called Strike 3-1: Base on Balls
|
|
Batting: RHB Alois Wollf
|
0-0: Fly out, F7 (Line Drive, 7S, EV 92.5 MPH)
|
|
Batting: RHB Ray Llewellyn
|
0-0: Ball 1-0: Called Strike 1-1: Called Strike 1-2: Ball 2-2: Foul Ball, location: 2F 2-2: Foul Ball, location: 2F 2-2: Ball 3-2: 2-RUN HOME RUN (Flyball, 9LD, EV 96.9 MPH), Distance : 347 ft
|
|
Batting: RHB David Price Jr.
|
0-0: Ball 1-0: Foul Ball, location: 2F 1-1: Ball 2-1: Foul Ball, location: 2F 2-2: Fly out, F8 (Flyball, 78M, EV 75.6 MPH)
|
| Top of the 3rd over - 2 runs, 1 hit, 0 errors, 0 left on base; Boston 2 - Philadelphia 2 |
| BOTTOM OF THE 3RD |
|
Philadelphia Phillies batting - Pitching for Boston Red Sox : LHP Momosuke Sato
|
|
Batting: SHB Lance Franklin
|
0-0: Foul Ball, location: 2F 0-1: Ball 1-1: Called Strike 1-2: Foul Ball, location: 2F 1-2: Foul Ball, location: 2F 1-2: Ball 2-2: Ball 3-2: Foul Ball, location: 2F 3-2: Strikes out looking
|
|
Batting: LHB Nick Canizales
|
0-0: Ball 1-0: Foul Ball, location: 2F 1-1: Ball 2-1: Swinging Strike 2-2: Strikes out swinging
|
|
Batting: RHB Chef Belew
|
0-0: Called Strike 0-1: Ball 1-1: Ball 2-1: Foul Ball, location: 2F 2-2: Foul Ball, location: 2F 2-2: Ground out 6-3 (Groundball, 6, EV 93.1 MPH)
|
| Bottom of the 3rd over - 0 runs, 0 hits, 0 errors, 0 left on base; Boston 2 - Philadelphia 2 |
| TOP OF THE 4TH |
|
Boston Red Sox batting - Pitching for Philadelphia Phillies : LHP Phuck II
|
|
Batting: RHB Jose Diaz
|
0-0: Called Strike 0-1: Fly out, F9 (Flyball, 89S, EV 82.5 MPH)
|
|
Batting: LHB Kevin McCormic Jr.
|
0-0: Ball 1-0: Ball 2-0: Called Strike 2-1: Swinging Strike 2-2: Ground out 5-3 (Groundball, 15, EV 89.4 MPH)
|
|
Batting: SHB Marvin Lawrence
|
0-0: Foul Ball, location: 2F 0-1: Ball 1-1: Ball 2-1: Ball 3-1: Foul Ball, location: 2F 3-2: Foul Ball, location: 2F 3-2: Strikes out looking
|
| Top of the 4th over - 0 runs, 0 hits, 0 errors, 0 left on base; Boston 2 - Philadelphia 2 |
| BOTTOM OF THE 4TH |
|
Philadelphia Phillies batting - Pitching for Boston Red Sox : LHP Momosuke Sato
|
|
Batting: RHB Mike Hanks
|
0-0: Swinging Strike 0-1: Foul Ball, location: 2F 0-2: Ball 1-2: Fly out, F9 (Flyball, 9, EV 90.6 MPH)
|
|
Batting: LHB Osamu Kubo
|
0-0: Called Strike 0-1: SINGLE (Line Drive, 89M, EV 105.0 MPH)
|
|
Batting: RHB Josh Hensley
|
0-0: 2-RUN HOME RUN (Flyball, 89XD, EV 109.4 MPH), Distance : 409 ft
|
|
Batting: LHB Ryan Trombley
|
0-0: Fly out, F7 (Flyball, 78S, EV 93.1 MPH)
|
|
Batting: RHB Quintin Parker
|
0-0: Ball 1-0: Ball 2-0: Called Strike 2-1: Ball 3-1: Base on Balls
|
|
Batting: LHB Cody Schumacher
|
0-0: Called Strike 0-1: Ball 1-1: Swinging Strike 1-2: Ball 2-2: Strikes out swinging
|
| Bottom of the 4th over - 2 runs, 2 hits, 0 errors, 1 left on base; Boston 2 - Philadelphia 4 |
| TOP OF THE 5TH |
|
Boston Red Sox batting - Pitching for Philadelphia Phillies : LHP Phuck II
|
|
Batting: RHB Elijah Campbell
|
0-0: Ball 1-0: Swinging Strike 1-1: Foul Ball, location: 2F 1-2: Ball 2-2: Foul Ball, location: 2F 2-2: Strikes out swinging
|
|
Batting: RHB Nick Esteves
|
0-0: Called Strike 0-1: Ball 1-1: Called Strike 1-2: Foul Ball, location: 2F 1-2: Ball 2-2: Foul Ball, location: 2F 2-2: Strikes out swinging
|
|
Batting: RHB John Chiesa
|
0-0: Called Strike 0-1: Hit by Pitch
|
|
Batting: RHB Alois Wollf
|
0-0: Ball 1-0: Ball 2-0: Called Strike 2-1: Swinging Strike 2-2: Ball 3-2: Base on Balls John Chiesa to second
|
|
Batting: RHB Ray Llewellyn
|
0-0: Fly out, F7 (Flyball, 7LM, EV 89.4 MPH)
|
| Top of the 5th over - 0 runs, 0 hits, 0 errors, 2 left on base; Boston 2 - Philadelphia 4 |
| BOTTOM OF THE 5TH |
|
Philadelphia Phillies batting - Pitching for Boston Red Sox : LHP Momosuke Sato
|
|
Batting: SHB Lance Franklin
|
0-0: Foul Ball, location: 2F 0-1: Swinging Strike 0-2: Ball 1-2: Foul Ball, location: 2F 1-2: Ball 2-2: Strikes out swinging
|
|
Batting: LHB Nick Canizales
|
0-0: Called Strike 0-1: Ground out 6-3 (Groundball, 4M, EV 93.1 MPH)
|
|
Batting: RHB Chef Belew
|
0-0: Ball 1-0: Ball 2-0: Called Strike 2-1: Ball 3-1: DOUBLE (Line Drive, 8LXD, EV 111.9 MPH)
|
|
Batting: RHB Mike Hanks
|
0-0: Ball 1-0: Hit by Pitch
|
|
Batting: LHB Osamu Kubo
|
0-0: Fielders Choice at 2nd, 6-4 (Groundball, 6, EV 81.9 MPH)
|
| Bottom of the 5th over - 0 runs, 1 hit, 0 errors, 2 left on base; Boston 2 - Philadelphia 4 |
| TOP OF THE 6TH |
|
Boston Red Sox batting - Pitching for Philadelphia Phillies : LHP Phuck II
|
|
Batting: RHB David Price Jr.
|
0-0: Fly out, F6 (Flyball, 6MD, EV 94.4 MPH)
|
|
Batting: RHB Jose Diaz
|
0-0: Ball 1-0: SINGLE (Groundball, 34D, EV 98.8 MPH)
|
|
Batting: LHB Kevin McCormic Jr.
|
0-0: Called Strike 0-1: Fly out, F9 (Line Drive, 9LS, EV 98.1 MPH)
|
|
Batting: SHB Marvin Lawrence
|
0-0: Ball 1-0: Swinging Strike 1-1: Ball 2-1: Foul Ball, location: 2F 2-2: Foul Ball, location: 2F 2-2: Ball 3-2: Ground out 5-3 (Groundball, 56, EV 83.1 MPH)
|
| Top of the 6th over - 0 runs, 1 hit, 0 errors, 1 left on base; Boston 2 - Philadelphia 4 |
| BOTTOM OF THE 6TH |
|
Philadelphia Phillies batting - Pitching for Boston Red Sox : LHP Momosuke Sato
|
|
Pitching: RHP Jon Mercado
|
|
|
Batting: RHB Josh Hensley
|
0-0: Ball 1-0: SINGLE (Groundball, 4S, EV 71.9 MPH) (infield hit)
|
|
Batting: LHB Ryan Trombley
|
0-0: Foul Ball, location: 2F 0-1: Foul Ball, location: 2F 0-2: Ball 1-2: Fielders Choice at 2nd, 5-4 (Groundball, 5, EV 109.4 MPH)
|
|
Batting: RHB Quintin Parker
|
0-0: Foul Ball, location: 2F 0-1: SINGLE (Groundball, 4D, EV 93.8 MPH) Ryan Trombley to second Runner from 2nd tries for 3rd, SAFE, throw by RF made to third
|
|
Batting: LHB Cody Schumacher
|
0-0: Ball 1-0: Called Strike 1-1: Called Strike 1-2: Strikes out looking and he ARGUES THE CALL AND IS TOSSED!
|
|
Batting: SHB Lance Franklin
|
0-0: Ball 1-0: Called Strike 1-1: Ball 2-1: Fly out, F7 (Flyball, 7, EV 81.2 MPH)
|
| Bottom of the 6th over - 0 runs, 2 hits, 0 errors, 2 left on base; Boston 2 - Philadelphia 4 |
| TOP OF THE 7TH |
|
Boston Red Sox batting - Pitching for Philadelphia Phillies : LHP Phuck II
|
|
Now in LF: Mike Davis
|
|
|
Now in CF: Osamu Kubo
|
|
|
Batting: RHB Elijah Campbell
|
0-0: Called Strike 0-1: Ball 1-1: Hit by Pitch
|
|
Batting: RHB Nick Esteves
|
0-0: Bunt missed! 0-1: Bunted foul 0-2: Ground out 5-3 (Groundball, 56S, EV 71.2 MPH) Elijah Campbell to second
|
|
Batting: RHB John Chiesa
|
0-0: Ball 1-0: Fly out, F8 (Flyball, 8LD, EV 105.6 MPH) Runner from 2nd tags up, SAFE at 3rd with throw by CF
|
|
Batting: RHB Alois Wollf
|
0-0: Ball 1-0: Called Strike 1-1: Ground out 6-3 (Groundball, 6S, EV 70.0 MPH)
|
| Top of the 7th over - 0 runs, 0 hits, 0 errors, 1 left on base; Boston 2 - Philadelphia 4 |
| BOTTOM OF THE 7TH |
|
Philadelphia Phillies batting - Pitching for Boston Red Sox : RHP Jon Mercado
|
|
Batting: LHB Nick Canizales
|
0-0: Called Strike 0-1: Ball 1-1: Ball 2-1: Ball 3-1: Swinging Strike 3-2: Base on Balls
|
|
Batting: RHB Chef Belew
|
0-0: SINGLE (Groundball, 34D, EV 99.4 MPH) Nick Canizales to second Runner from 2nd tries for 3rd, SAFE, throw by RF made to third
|
|
Batting: RHB Mike Hanks
|
0-0: Called Strike 0-1: Called Strike 0-2: Ball 1-2: Grounds into double play, 4-6-3 (Groundball, 34, EV 80.6 MPH) Nick Canizales scores
|
|
Batting: LHB Osamu Kubo
|
0-0: Ball 1-0: Ball 2-0: Ball 3-0: Called Strike 3-1: Foul Ball, location: 2F 3-2: Ground out 6-3 (Groundball, 6MS, EV 70.0 MPH)
|
| Bottom of the 7th over - 1 run, 1 hit, 0 errors, 0 left on base; Boston 2 - Philadelphia 5 |
| TOP OF THE 8TH |
|
Boston Red Sox batting - Pitching for Philadelphia Phillies : LHP Phuck II
|
|
Batting: RHB Ray Llewellyn
|
0-0: Bunted foul 0-1: Foul Ball, location: 2F 0-2: Foul Ball, location: 2F 0-2: Strikes out swinging
|
|
Batting: RHB David Price Jr.
|
0-0: Ball 1-0: Foul Ball, location: 2F 1-1: Ball 2-1: Ball 3-1: Swinging Strike 3-2: Strikes out swinging
|
|
Batting: RHB Jose Diaz
|
0-0: Ball 1-0: DOUBLE (Flyball, 8RXD, EV 108.8 MPH)
|
|
Pitching: RHP Omar Orosco
|
|
|
Batting: LHB Kevin McCormic Jr.
|
0-0: Called Strike 0-1: Foul Ball, location: 2F 0-2: SINGLE (Flyball, 4MD, EV 82.5 MPH) Jose Diaz to third
|
|
Batting: SHB Marvin Lawrence
|
0-0: Ball 1-0: Foul Ball, location: 2F 1-1: Ball 2-1: Called Strike 2-2: Foul Ball, location: 2F 2-2: Ball 3-2: Base on Balls Kevin McCormic Jr. to second
|
|
Pinch Hitting: LHB Sakae Kasahara
|
0-0: Called Strike 0-1: Ball 1-1: Called Strike 1-2: Ground out 1-3 (Groundball, 34S, EV 70.0 MPH)
|
| Top of the 8th over - 0 runs, 2 hits, 0 errors, 3 left on base; Boston 2 - Philadelphia 5 |
| BOTTOM OF THE 8TH |
|
Philadelphia Phillies batting - Pitching for Boston Red Sox : RHP Jon Mercado
|
|
Pitching: RHP John Jordan
|
|
|
Now at 2B: Willie Koviak
|
|
|
Batting: RHB Josh Hensley
|
0-0: Fly out, F8 (Flyball, 8RM, EV 90.6 MPH)
|
|
Batting: LHB Ryan Trombley
|
0-0: Called Strike 0-1: Ball 1-1: Foul Ball, location: 2F 1-2: Strikes out looking
|
|
Batting: RHB Quintin Parker
|
0-0: Ball 1-0: Hit by Pitch
|
|
Batting: LHB Mike Davis
|
0-0: Foul Ball, location: 2F 0-1: Swinging Strike 0-2: Foul Ball, location: 2F 0-2: Ball 1-2: Fielders Choice at 2nd, 6-4 (Groundball, 6, EV 86.9 MPH)
|
| Bottom of the 8th over - 0 runs, 0 hits, 0 errors, 1 left on base; Boston 2 - Philadelphia 5 |
| TOP OF THE 9TH |
|
Boston Red Sox batting - Pitching for Philadelphia Phillies : RHP Omar Orosco
|
|
Batting: RHB Nick Esteves
|
0-0: Ground out 6-3 (Groundball, 6, EV 94.4 MPH)
|
|
Pinch Hitting: LHB Jarrett Mordecai
|
0-0: Called Strike 0-1: Called Strike 0-2: Strikes out swinging
|
|
Batting: RHB Alois Wollf
|
0-0: Called Strike 0-1: Swinging Strike 0-2: Ground out 4-3 (Groundball, 4, EV 83.1 MPH)
|
| Top of the 9th over - 0 runs, 0 hits, 0 errors, 0 left on base; Boston 2 - Philadelphia 5 |
|